 Dungeon Crawl Stone Soup version 0.31-a0-986-g5e6e4ef867 (webtiles) character file.

Game seed: 17100061408759373654

371 IdlyInterested the Changeling (level 6, -6/43 HPs)
             Began as a Demonspawn Shapeshifter on Nov 16, 2023.
             Mangled by an ogre
             ... wielding a +0 giant spiked club
              (26 damage)
             ... on level 5 of the Dungeon.
             The game lasted 00:10:03 (2855 turns).

IdlyInterested the Changeling (DsSh)                Turns: 2855, Time: 00:10:03

Health: -6/43      AC:  8    Str: 15      XL:     6   Next: 42%
Magic:  0/6        EV:  5    Int: 11      God:
Gold:   233        SH:  7    Dex: 13 (14) Spells: 5/5 levels left

rFire   . .          .
                       - Unarmed
rCold   + . .        j - +0 kite shield
rNeg    . . .        e - +0 chain mail
rPois   .            r - melded +0 helmet
rElec   .            (cloak currently unavailable)
rCorr   .            (gloves currently unavailable)
SInv    .            (boots currently unavailable)
Will    +....        B - amulet of guardian spirit Stlth
                     s - ring of protection from cold
HPRegen 0.27/turn    E - ring of willpower
MPRegen 0.10/turn

%: guardian spirit
@: beast-form
A: beast (slay +3), powered by death 2, spiny 2
a: Begin Untransformation


You were on level 5 of the Dungeon.
You were a hulking beast.
You visited 1 branch of the dungeon, and saw 5 of its levels.

You collected 233 gold pieces.

Inventory:

Hand Weapons
 h - a +2 short sword of speed
 w - a +2 vampiric rapier
 z - a +3 dagger
Missiles
 l - 13 poisoned darts (quivered)
 n - 33 stones
Armour
 e - a +0 chain mail (worn)
 j - a +0 kite shield (worn)
 r - a +0 helmet (melded)
 t - a +0 ring mail
Jewellery
 s - a ring of protection from cold (left hand)
 B - an amulet of guardian spirit (around neck)
 E - a ring of willpower (right hand)
Talismans
 c - a beast talisman (active)
 d - a flux talisman
Scrolls
 a - 3 scrolls of teleportation {unknown}
 f - a scroll of revelation {unknown}
 k - 2 scrolls of fear
 m - a scroll of poison {unknown}
 p - 2 scrolls of blinking
 v - 2 scrolls of immolation {unknown}
 y - a scroll of fog {unknown}
 C - a scroll of brand weapon {unknown}
 D - a scroll of vulnerability {unknown}
Potions
 b - a potion of lignification
 g - a potion of curing {unknown}
 i - a potion of haste {unknown}
 o - a potion of heal wounds {unknown}
 q - 2 potions of ambrosia {unknown}
 u - 2 potions of mutation {unknown}
 x - a potion of enlightenment {unknown}
 A - a potion of might {unknown}


   Skills:
 + Level 1.4 Fighting
 - Level 1.7 Dodging
 - Level 4.0 Unarmed Combat
 * Level 5.4 Shapeshifting


You had 5 spell levels left.
You didn't know any spells.
Your spell library contained the following spells:

 Spells                   Type           Power      Damage    Failure   Level
 Apportation              Tloc           0%         N/A       100%        1
 Necrotise                Necr           0%         1d4       100%        1
 Slow                     Hex            0%         N/A       100%        1
 Summon Small Mammal      Summ           0%         N/A       100%        1
 Lesser Beckoning         Tloc           0%         N/A       100%        2
 Confusing Touch          Hex            0%         N/A       100%        3
 Gell's Gravitas          Tloc           0%         N/A       100%        3
 Sigil of Binding         Hex            0%         N/A       100%        3
 Teleport Other           Tloc           0%         N/A       100%        3
 Vampiric Draining        Necr           0%         2d6       100%        3


Dungeon Overview and Level Annotations

Branches:
Dungeon (5/15)
 Temple: D:4-7

Altars:

Shops:
D:3 =


Innate Abilities, Weirdness & Mutations

You are a hulking beast.
Your limbs bulge with bestial killing power. (Slay +3)
You regenerate health from kills.
You are mostly covered in sharp spines.


Message History

Found a ring mail.
C - a scroll labelled GUSOIFR ALOJE You now have 227 gold pieces (gained 12).
A dart slug comes into view.
Found an orange potion and 8 stones.
You hit the dart slug.
The dart slug is severely wounded.
You hit the dart slug.
You kill the dart slug!
You feel your dexterity returning.
You now have 233 gold pieces (gained 6).
u - 2 smoky golden potions (gained 1)
Found a scroll labelled SEPLITSEET.
q - 2 orange potions (gained 1)
Found a scale mail.
D - a scroll labelled SEPLITSEET
Found a golden ring.
n - 33 stones (gained 8)
E - a ring of willpower
Okay, then.
E - a ring of willpower (right hand)
Found a stone staircase leading down.
Found a stone staircase leading down.
You pick up a book of Debilitation and begin reading...
You add the spells Slow, Sigil of Binding, Vampiric Draining and Confusing Touch to your library.
There is a stone staircase leading down here.
An ogre comes into view. It is wielding a +0 giant spiked club.
The ogre is struck by your spines. The ogre barely misses you.
You barely miss the ogre.
The ogre is moderately wounded.
The ogre hits you with a +0 giant spiked club!!
Ouch! That really hurt!
You hit the ogre but do no damage.
The ogre is moderately wounded.
You hit the ogre.
The ogre is heavily wounded.
The ogre is struck by your spines.
The ogre hits you with a +0 giant spiked club!!
Ouch! That really hurt!
You die...

### #... ...#..#
#..#..## ##...
..#....## #....
....##.#..##...#
.....#...##[...
#O.#.##..##.#.#
##h.#.##..##.#.# #
#...#.##..##.#.##.#
##.#.#...............#
#............#...######
..#.#.......#.....#####
#.#..................
#.#...............###
#.#..............##
##.#.......#.....##


You could see an ogre.

Vanquished Creatures
  Eustachio (D:4)
  2 jellies (D:1)
  4 gnolls (D:5)
  5 adders
  2 ufetubi (D:4)
  3 worms
  2 dart slugs
  8 endoplasms
  5 giant cockroaches
  7 goblins
  6 hobgoblins
  6 jackals (D:1)
  3 kobolds
  3 quokkas
  4 ball pythons
  3 bats
  3 frilled lizards
  2 rats (D:1)
69 creatures vanquished.

Notes
Turn   | Place    | Note
-------+----------+-------------------------------------------
     0 | D:1      | IdlyInterested the Demonspawn Shapeshifter began the quest
                  | for the Orb.
     0 | D:1      | Reached XP level 1. HP: 15/15 MP: 1/1
     1 | D:1      | Found a runed translucent door.
     1 | D:1      | Noticed a jelly
     3 | D:1      | Noticed a jelly
   131 | D:1      | You fall into a shaft and drop 1 floor!
   231 | D:2      | Reached skill level 3 in Shapeshifting
   276 | D:1      | Gained mutation: You are partially covered in sharp spines.
                  | [demonic ancestry]
   276 | D:1      | Reached XP level 2. HP: 21/21 MP: 2/2
   965 | D:1      | Gained mutation: You regenerate a little health from kills.
                  | [demonic ancestry]
   965 | D:1      | Reached XP level 3. HP: 19/26 MP: 3/3
   994 | D:1      | Reached skill level 4 in Shapeshifting
   994 | D:1      | Reached XP level 4. HP: 32/32 MP: 4/4
  1304 | D:2      | Gained mutation: You are mostly covered in sharp spines.
                  | [demonic ancestry]
  1304 | D:2      | Reached XP level 5. HP: 34/37 MP: 5/5
  1639 | D:3      | Found a faded altar of an unknown god.
  1743 | D:3      | Found Foihi's Jewellery Shop.
  2240 | D:4      | Noticed Eustachio
  2271 | D:4      | Killed Eustachio
  2272 | D:4      | Reached skill level 5 in Shapeshifting
  2272 | D:4      | Gained mutation: You regenerate health from kills. [demonic
                  | ancestry]
  2272 | D:4      | Reached XP level 6. HP: 20/43 MP: 6/6
  2687 | D:5      | Entered Level 5 of the Dungeon
  2855 | D:5      | Mangled by an ogre

Illustrated notes

Levels and vault maps discovered:
D:1:      dpeg_arrival_caged_fury, layout_loops_corners
D:2:      layout_basic
D:3:      layout_basic, lemuel_round_altar, serial_shops,
          nicolae_shop_tiny_glass, shapermc_ecumenical_altar_ellora,
          kennysheep_decorative_pillar
D:4:      layout_cave_pools, uniq_eustachio
D:5:      layout_loops_ring, minmay_manual_moon

Skill      XL: |  1  2  3  4  5 |
---------------+----------------+-----
Shapeshifting  | 3 4 5 |  5.4
Unarmed Combat | 3 4 |  4.0
Fighting       | |  1.4
Dodging        | |  1.7

Action                     |  1- 3 |  4- 6 || total
---------------------------+-------+-------++-------
  Melee: Short sword       |    77 |    92 ||   169
         Unarmed           |     5 |    23 ||    28
         Punch             |     2 |     1 ||     3
  Throw: Stone             |     2 |       ||     2
         Dart              |       |     3 ||     3
    Use: Potion            |       |     1 ||     1
         Scroll            |       |     2 ||     2
 Armour: Chain mail        |    35 |    56 ||    91
  Dodge: Dodged            |    15 |    24 ||    39
  Block: Kite shield       |       |    32 ||    32
   Form: Beast             |       |     2 ||     2
                           |       |     1 ||     1

Table legend: (Time is in decaauts)
 A = Elapsed time spent in this place.
 B = Non-inter-level travel time spent in this place.
 C = Inter-level travel time spent in this place.
 D = Time resting spent in this place.
 E = Time spent auto-exploring this place.
 F = Levels seen in this place.
 G = Mean time per level.
                   A        B        C        D        E       F      G
               +--------+--------+--------+--------+--------+-----+--------+
         Total |   2816 |   2694 |    122 |     55 |   1879 |   5 |  563.2 |
       Dungeon |   2816 |   2694 |    122 |     55 |   1879 |   5 |  563.2 |
               +--------+--------+--------+--------+--------+-----+--------+

Top non-repeatable levels by time:
     D:1: 938 daAuts
     D:3: 618 daAuts
     D:2: 547 daAuts
     D:4: 543 daAuts
     D:5: 168 daAuts
